 Dungeon Crawl Stone Soup version 0.29.1-15-g9cfb28693d (webtiles) character file.

Game seed: 11331367637240124921

23 GigaChad the Chopper (level 2, 0/22 HPs)
             Began as a Demonspawn Gladiator on Mar 11, 2023.
             Constricted to death by Terence (2 damage)
             ... on level 2 of the Dungeon.
             The game lasted 00:01:02 (1195 turns).

GigaChad the Chopper (Demonspawn Gladiator)         Turns: 1195, Time: 00:01:02

Health: 0/22       AC:  4    Str: 14    XL:     2   Next: 75%
Magic:  2/2        EV:  9    Int:  9    God:
Gold:   13         SH:  0    Dex: 14    Spells: 1/1 levels left

rFire   . . .      SeeInvis .   a - +0 war axe
rCold   . . .      Faith    .   (no shield)
rNeg    . . .      Spirit   .   b - +0 leather armour
rPois   .          Reflect  .   c - +0 helmet
rElec   .          Harm     .   (no cloak)
rCorr   .          Rampage  .   (no gloves)
Will    .....                   (no boots)
Stlth   +.........              (no amulet)
HPRegen 0.07/turn               (no ring)
MPRegen 0.08/turn               (no ring)

@: grasped by roots, constricted
A: demonic guardian 1
a: no special abilities


You were on level 2 of the Dungeon.
You visited 1 branch of the dungeon, and saw 2 of its levels.

You collected 13 gold pieces.

Inventory:

Hand Weapons
 a - a +0 war axe (weapon)
Missiles
 d - 3 throwing nets (quivered)
 e - a javelin
Armour
 b - a +0 leather armour (worn)
 c - a +0 helmet (worn)
Scrolls
 g - a scroll of immolation {unknown}
 i - 2 scrolls of blinking
 j - a scroll of teleportation
 l - a scroll of poison {unknown}
Potions
 f - a potion of degeneration {unknown}
 h - a potion of heal wounds {unknown}
 k - a potion of berserk rage {unknown}


   Skills:
 + Level 2.2 Fighting
 + Level 3.1 Axes
 + Level 1.9 Throwing
 + Level 3.0 Dodging


You had one spell level left.
You didn't know any spells.
Your spell library was empty.

Dungeon Overview and Level Annotations

Branches:
Dungeon (2/15)

Altars:
Yredelemnul

Annotations:
D:2 Terence


Innate Abilities, Weirdness & Mutations

A weak demonic guardian rushes to your aid.


Message History

Found a leather armour.
The kobold shouts!
You hit the kobold.
You kill the kobold!
You see here a +0 short sword.
You see here a +0 dagger.
You see here 2 stones.
Partly explored, can't reach some places.
There is a large open door here.
Partly explored, can't reach some places.
Partly explored, can't reach some places.
There is a staircase leading out of the dungeon here.
There is an escape hatch in the floor here.
You slide downwards.
The hatch slams shut behind you.
The endoplasm quivers.
Found a hand axe.
An endoplasm is nearby!
Terence the Incautious comes into view.
He is wielding a +0 short sword and carrying a wand of roots (11).
Terence shouts!
You slash the endoplasm!
You kill the endoplasm!
Terence zaps a wand.
The roots erupt in riotous growth!
The grasping roots grab you! The grasping roots constrict you.
You hear a shout!
You escape the roots grasp.
Found a basalt altar of Yredelemnul.
Terence zaps a wand.
The roots erupt in riotous growth!
The grasping roots grab you!
Terence is unaffected.
The grasping roots constrict you.
You closely miss Terence. Terence hits you with a +0 short sword.
The grasping roots constrict you.
You hit Terence.
Terence is lightly wounded.
A bat comes into view.
Terence hits you with a +0 short sword. The grasping roots constrict you.
* * * LOW HITPOINT WARNING * * *
A demonic guardian appears!
Terence hits you with a +0 short sword.
* * * LOW HITPOINT WARNING * * *
The grasping roots constrict you.
You die...

...... #...
.._...# #...
......# #...
......# #...
#....# #...
#...#
#...###...#
#.........#
####...@@.#
#..5...#
#..).......
########....
... .. #


You could see Terence (ally target) and a friendly shadow imp (summoned).

Vanquished Creatures
  A bat (D:1)
  2 endoplasms
  A giant cockroach (D:1)
  2 goblins (D:1)
  A hobgoblin (D:1)
  4 jackals (D:1)
  3 kobolds (D:1)
  A quokka (D:1)
  3 ball pythons (D:1)
  A rat (D:1)
19 creatures vanquished.

Notes
Turn   | Place    | Note
-------+----------+-------------------------------------------
     0 | D:1      | GigaChad the Demonspawn Gladiator began the quest for the
                  | Orb.
     0 | D:1      | Reached XP level 1. HP: 16/16 MP: 1/1
   307 | D:1      | Gained mutation: A weak demonic guardian rushes to your
                  | aid. [demonic ancestry]
   307 | D:1      | Reached XP level 2. HP: 17/22 MP: 2/2
  1188 | D:2      | Noticed Terence
  1191 | D:2      | Found a basalt altar of Yredelemnul.
  1195 | D:2      | Constricted to death by Terence

Illustrated notes

Levels and vault maps discovered:
D:1:      lightli_molten_gateway, layout_loops_ring
D:2:      layout_basic, basic_altar, uniq_sigmund, uniq_terence, uniq_robin

Skill      XL: |  1  2 |
---------------+-------+-----
Axes           | 3 |  3.1
Dodging        | 3 |  3.0
Fighting       | |  2.2
Throwing       | |  1.9

Action                   || total
-------------------------++-------
Melee: War axe           ||    55
  Use: Scroll            ||     3
Armor: Leather armour    ||    27
Dodge: Dodged            ||    44
